 Dungeon Crawl Stone Soup version 0.23-a0-359-g9beedce (webtiles) character file.

1164 Garbasso the Ruffian (level 8, -2/78 HPs)
             Began as a Troll Hunter on Oct 23, 2018.
             Was a Follower of Okawaru.
             Slain by a wight
             ... wielding a cursed +3 hand axe
              (11 damage)
             ... on level 6 of the Dungeon.
             The game lasted 00:10:16 (3898 turns).

Garbasso the Ruffian (Troll Hunter)                 Turns: 3898, Time: 00:10:17

Health: -2/78      AC:  5    Str: 21    XL:     8   Next: 17%
Magic:  7/7        EV: 11    Int:  7    God:    Okawaru [*.....]
Gold:   234        SH:  0    Dex: 12    Spells: 7/7 levels left

rFire    . . .     SeeInvis .     - Unarmed
rCold    . . .     Gourm    +   (no shield)
rNeg     . . .     Faith    .   b - +0 robe
rPois    .         Spirit   .   (helmet restricted)
rElec    .         Reflect  .   (no cloak)
rCorr    .         Harm     .   (gloves unavailable)
MR       .....                  (boots unavailable)
Stlth    +.........             (no amulet)
HPRegen  0.63/turn              (no ring)
MPRegen  0.10/turn              (no ring)

@: heavily drained
A: large, unfitting armour, claws 3, fast metabolism 3, gourmand, regeneration
1, shaggy fur 1, tough skin 2
a: Heroism, Renounce Religion


You were on level 6 of the Dungeon.
You worshipped Okawaru.
Okawaru was aware of your devotion.
You were very full.

You visited 2 branches of the dungeon, and saw 8 of its levels.

You collected 234 gold pieces.

Inventory:

Missiles
 d - 5 large rocks (quivered) {=f}
 j - 48 stones
 o - 2 throwing nets {=f}
Armour
 b - a +0 robe (worn)
Wands
 r - a wand of flame (29)
Scrolls
 a - 4 scrolls of teleportation {unknown}
 c - a scroll of immolation {unknown}
 h - a scroll of enchant weapon {unknown}
 i - 8 scrolls of identify {unknown}
 l - 4 scrolls of amnesia
 m - 4 scrolls of remove curse
 n - 3 scrolls of blinking {unknown}
 p - 2 scrolls of magic mapping {unknown}
Potions
 e - 2 potions of curing
 k - a potion of agility {unknown}
 q - a potion of brilliance {unknown}
Comestibles
 f - 15 rations


   Skills:
 + Level 4.3(3.1) Fighting
 - Level 3.6(2.4) Throwing
 + Level 4.2(3.0) Dodging
 - Level 0.3(0.0) Stealth
 * Level 6.7(5.4) Unarmed Combat


You had 7 spell levels left.
You didn't know any spells.
Your spell library was empty.

Dungeon Overview and Level Annotations

Branches:
Dungeon (7/15)             Temple (1/1) D:4

Altars:
Ashenzari
Cheibriados
Gozag
Hepliaklqana
Kikubaaqudgha
Makhleb
Okawaru
Ru
Sif Muna
Trog
Vehumet
Zin
The Shining One

Annotations:
D:6 Dowan, Duvessa


Innate Abilities, Weirdness & Mutations

You are too large for most types of armour.
You have claws for hands.
Your metabolism is lightning-fast.
You like to eat raw meat.
Your natural rate of healing is unusually fast.
You are covered in fur. (AC +1)
You have very tough skin. (AC +2)


Message History

The wight closely misses you. x2
As you read the scroll labeled XOL EMOOWIUD, it crumbles to dust.
You feel blessed for a moment.
It was a scroll of remove curse.
The bullfrog closely misses you.
The wight hits you with a +4 mace of freezing.
The wight freezes you. The wight barely misses you.
The wight hits you with a +4 trident.
* * * LOW HITPOINT WARNING * * *
You feel drained.
* * * LOW HITPOINT WARNING * * *
The bullfrog hits you.
* * * LOW HITPOINT WARNING * * *
It was a potion of curing.
You feel better.
The wight hits you with a +4 mace of freezing!
* * * LOW HITPOINT WARNING * * *
The wight freezes you.
* * * LOW HITPOINT WARNING * * *
The bullfrog barely misses you. The wight closely misses you.
The wight hits you with a cursed +3 hand axe!
You die...

####### .......
.......##########
.......#@z......#
.......zFz......#
........O.......#
....#######.....#
.#### ... #≈≈≈
#.....###......
######.....((((..z.z
#.....#########
#.....# #
####.....##$.#


You could see an ogre, a bullfrog and 3 wights.

Vanquished Creatures
  Prince Ribbit (D:6)
  Sigmund (D:3)
  Eustachio (D:4)
  Edmund (D:5)
  A phantom (D:4)
  An ogre (D:4)
  2 crimson imps
  A centaur skeleton (D:5)
  A jelly (D:5)
  An orc priest (D:4)
  A hound (D:4)
  An iguana (D:4)
  3 worker ants
  3 adders
  An ooze (D:5)
  2 adder skeletons
  2 worms
  A dart slug (D:1)
  A leopard gecko (D:4)
  7 orcs
  8 bats
  2 giant cockroaches (D:1)
  9 goblins
  5 hobgoblins
  4 jackals (D:2)
  2 kobolds
  5 quokkas
  5 frilled lizards
  A jackal zombie (D:5)
  9 rats
83 creatures vanquished.

Vanquished Creatures (others)
  A fungus (D:6)
1 creature vanquished.

Grand Total: 84 creatures vanquished

Notes
Turn   | Place    | Note
-------+----------+-------------------------------------------
     0 | D:1      | Garbasso the Troll Hunter began the quest for the Orb.
     0 | D:1      | Reached XP level 1. HP: 19/19 MP: 0/0
   176 | D:1      | Reached skill level 1 in Unarmed Combat
   201 | D:1      | Reached XP level 2. HP: 28/28 MP: 1/1
  1160 | D:2      | Found a faded altar of an unknown god.
  1163 | D:2      | Reached XP level 3. HP: 34/35 MP: 2/2
  1427 | D:2      | Reached skill level 2 in Unarmed Combat
  1757 | D:3      | Noticed Sigmund
  2090 | D:3      | Killed Sigmund
  2090 | D:3      | Reached skill level 3 in Unarmed Combat
  2090 | D:3      | Reached XP level 4. HP: 37/44 MP: 3/3
  2090 | D:3      | Reached XP level 5. HP: 44/52 MP: 4/4
  2132 | D:3      | Found a deep blue altar of Sif Muna.
  2395 | D:4      | Noticed Eustachio
  2406 | D:4      | Noticed an ogre
  2407 | D:4      | Killed Eustachio
  2407 | D:4      | Reached skill level 4 in Unarmed Combat
  2407 | D:4      | Reached XP level 6. HP: 40/61 MP: 5/5
  2574 | D:4      | Reached skill level 5 in Unarmed Combat
  2574 | D:4      | Reached XP level 7. HP: 53/67 MP: 6/6
  2637 | D:4      | Found a staircase to the Ecumenical Temple.
  2642 | Temple   | Entered the Ecumenical Temple
  2653 | Temple   | Became a worshipper of Warmaster Okawaru
  3172 | D:5      | Entered Level 5 of the Dungeon
  3295 | D:5      | Noticed Edmund
  3538 | D:5      | Killed Edmund
  3538 | D:5      | Reached * piety under Okawaru
  3538 | D:5      | Reached skill level 6 in Unarmed Combat
  3771 | D:6      | Noticed Duvessa
  3771 | D:6      | Noticed Dowan
  3841 | D:6      | Noticed Prince Ribbit
  3845 | D:6      | Killed Prince Ribbit
  3845 | D:6      | Reached XP level 8. HP: 71/78 MP: 7/7
  3892 | D:7      | Noticed a hippogriff
  3894 | D:6      | HP: 2/78 [wight/+4 trident (8)]
  3898 | D:6      | Slain by a wight

Vault maps used:
D:1:      dpeg_arrival_circle_labyrinth_c, supply_closet_lemuel
D:2:      chequers_ecumenical_altar_simple_redux, minmay_pentomino_x4
D:3:      marbit_many_paths, chequers_serial_rivers_room_a, serial_park_tiny_2,
          chequers_decorated_corner, uniq_sigmund
D:4:      temple_statues, uniq_eustachio
D:5:      first_ration, lemuel_flamethrower_1, uniq_edmund
D:6:      serial_aquarium, aquarium_bridge_square, aquarium_bridge_square,
          aquarium_window_1, aquarium_window_1, aquarium_window_fake,
          aquarium_window_fake, aquarium_view_2a,
          nicolae_ru_sacrificial_ziggurat, uniq_prince_ribbit1, uniq_duvessa
Temple:   grunt_wide_crystal_templ

Skill      XL: |  1  2  3  4  5  6  7 |
---------------+----------------------+-----
Unarmed Combat | 1 3 4 5 6 |  6.7
Fighting       | 2 3 4 |  4.3
Dodging        | 2 3 4 |  4.2
Throwing       | |  3.6
Stealth        | |  0.3

Action                   |  1- 3 |  4- 6 |  7- 9 || total
-------------------------+-------+-------+-------++-------
Melee: Unarmed           |   142 |    36 |    86 ||   264
       Punch             |       |       |     3 ||     3
Throw: Stone             |    22 |       |    44 ||    66
       Large rock        |     5 |     4 |     4 ||    13
       Throwing net      |     2 |       |       ||     2
  Use: Scroll            |       |       |     2 ||     2
       Potion            |       |       |     2 ||     2
 Stab: Sleeping          |     3 |       |     1 ||     4
  Eat: Chunk             |    25 |     4 |    11 ||    40
Armor: Robe              |    68 |     5 |    22 ||    95
Dodge: Dodged            |    86 |    14 |    60 ||   160

Table legend:
 A = Non-vault XP
 B = Vault XP
 C = Vault XP percentage of total XP
 D = Non-vault monster count
 E = Vault monster count
 F = Vault count percentage of total count
                 A         B        C        D         E       F
            +---------+---------+-------+---------+---------+-------
      Total |     806 |     858 |  51.6 |      75 |       8 |   9.6
            +---------+---------+-------+---------+---------+-------
        D:1 |      31 |       0 |   0.0 |      18 |       0 |   0.0
        D:2 |      27 |       4 |  12.9 |      14 |       3 |  17.6
        D:3 |      37 |     233 |  86.3 |      13 |       2 |  13.3
        D:4 |     445 |     202 |  31.2 |      14 |       1 |   6.7
        D:5 |     198 |     164 |  45.3 |      13 |       1 |   7.1
        D:6 |      68 |     255 |  78.9 |       3 |       1 |  25.0
            +---------+---------+-------+---------+---------+-------
